 Dungeon Crawl Stone Soup version 0.27.1 (webtiles) character file.

Game seed: 11056019211463561939

74 AIAndy the Covert (level 4, 0/41 HPs)
             Began as a Gnoll Delver on Aug 25, 2021.
             Slain by an orc wizard (1 damage)
             ... on level 4 of the Dungeon.
             The game lasted 00:04:18 (431 turns).

AIAndy the Covert (Gnoll Delver)                     Turns: 431, Time: 00:04:19

Health: 0/41       AC:  3    Str: 11    XL:     4   Next: 30%
Magic:  5/5        EV: 13    Int: 10    God:
Gold:   0          SH:  0    Dex: 14    Spells: 5/5 levels left

rFire    . . .     SeeInvis .   a - +0 falchion
rCold    . . .     Faith    .   (no shield)
rNeg     . . .     Spirit   .   b - +0 leather armour
rPois    .         Reflect  .   (no helmet)
rElec    .         Harm     .   (no cloak)
rCorr    .         Rampage  .   (no gloves)
Will     .....                  (no boots)
Stlth    ++++......             (no amulet)
HPRegen  0.13/turn              (no ring)
MPRegen  0.09/turn              (no ring)

@: no status effects
A: fangs 1, strong nose, distributed training
a: no special abilities


You were on level 4 of the Dungeon.
You visited 1 branch of the dungeon, and saw 3 of its levels.


Innate Abilities, Weirdness & Mutations

You have very sharp teeth.
Your uncanny sense of smell can sniff out nearby items.
Your experience applies equally to all skills.


   Skills:
 + Level 6.6 Fighting
 + Level 1.1 Short Blades
 + Level 4.6 Long Blades
 + Level 1.1 Axes
 + Level 1.1 Maces & Flails
 + Level 1.1 Polearms
 + Level 1.1 Staves
 + Level 1.1 Slings
 + Level 1.1 Bows
 + Level 1.1 Crossbows
 + Level 1.1 Throwing
 + Level 1.1 Armour
 + Level 4.6 Dodging
 + Level 9.6 Stealth
 + Level 1.1 Shields
 + Level 1.1 Unarmed Combat
 + Level 1.1 Spellcasting
 + Level 0.8 Conjurations
 + Level 0.8 Hexes
 + Level 0.8 Summonings
 + Level 0.8 Necromancy
 + Level 0.8 Translocations
 + Level 0.8 Transmutations
 + Level 0.8 Fire Magic
 + Level 0.8 Ice Magic
 + Level 0.8 Air Magic
 + Level 0.8 Earth Magic
 + Level 0.8 Poison Magic
 + Level 1.2 Invocations
 + Level 1.1 Evocations


You had 5 spell levels left.
You didn't know any spells.
Your spell library was empty.

Inventory:

Hand Weapons
 a - a +0 falchion (weapon)
Missiles
 h - 40 stones (quivered)
Armour
 b - a +0 leather armour (worn)
Wands
 g - a wand of digging (3)
 j - a wand of charming (7)
Scrolls
 c - a scroll of fog
 d - a scroll of magic mapping
Potions
 f - a potion of haste {@q3}
 i - a potion of heal wounds {unknown}
 k - a potion of magic {unknown}

Dungeon Overview and Level Annotations

Branches:
Dungeon (5/15)
 Temple: D:4-7

Altars:

Annotations:
D:5 Blork the orc

.###...##.# ..##......#
▓......##<#.▓
▓..#..###.#.+▓▓
▓.........#.▓..
▓.....###.#.▓.. ▓.##.##
#.#.+..+▓▓▓+▓▓▓+ ▓.##.#
#.#.▓..▓....)..▓∆ ..##.#
##.#.▓..▓@......▓
#...)###....▓▓▓{▓▓▓+▓▓▓'▓
####..÷......##.# .#
#####....###.## # ##
##.#.##...##.
#.#....#......
#{####...####.
#.#####.#####
#...{){......


There were no monsters in sight!


Message History

You have reached level 4!
You feel agile.
The orc wizard hits you with a +0 dagger.
* * * LOW HITPOINT WARNING * * *
You hit the orc wizard.
The orc wizard is moderately wounded.
The orc wizard hits you with a +0 dagger.
* * * LOW HITPOINT WARNING * * *
You closely miss the orc wizard.
You bite the orc wizard, but do no damage.
The orc wizard is moderately wounded.
The orc wizard barely misses you.
You riposte.
You closely miss the orc wizard.
The orc wizard is moderately wounded.
You barely miss the orc wizard. You bite the orc wizard.
The orc wizard is moderately wounded.
The orc wizard closely misses you.
The orc wizard points at you and mumbles some strange words.
The magic dart hits you.
* * * LOW HITPOINT WARNING * * *
You barely miss the orc wizard.
The orc wizard is moderately wounded.
The orc wizard barely misses you.
You riposte.
You closely miss the orc wizard.
The orc wizard is moderately wounded.
You hit the orc wizard.
The orc wizard is heavily wounded.
The orc wizard gestures wildly while chanting.
The orc wizard flickers and vanishes!
Deactivating autopickup; reactivate with Ctrl-A.
You barely miss something. Something hits you.
You die...

Skill      XL: |  1  2 |
---------------+-------+-----
Stealth        | |  9.6
Short Blades   | 1 |  1.1
Axes           | 1 |  1.1
Maces & Flails | 1 |  1.1
Polearms       | 1 |  1.1
Staves         | 1 |  1.1
Slings         | 1 |  1.1
Bows           | 1 |  1.1
Crossbows      | 1 |  1.1
Throwing       | 1 |  1.1
Armour         | 1 |  1.1
Shields        | 1 |  1.1
Unarmed Combat | 1 |  1.1
Spellcasting   | 1 |  1.1
Invocations    | 1 |  1.2
Evocations     | 1 |  1.1
Fighting       | |  6.6
Long Blades    | |  4.6
Dodging        | |  4.6
Conjurations   | |  0.8
Hexes          | |  0.8
Summonings     | |  0.8
Necromancy     | |  0.8
Translocations | |  0.8
Transmutations | |  0.8
Fire Magic     | |  0.8
Ice Magic      | |  0.8
Air Magic      | |  0.8
Earth Magic    | |  0.8
Poison Magic   | |  0.8

Action                   |  1- 3 |  4- 6 || total
-------------------------+-------+-------++-------
Melee: Falchion          |    40 |     6 ||    46
       Bite              |     6 |     2 ||     8
Throw: Stone             |     5 |       ||     5
  Use: Scroll            |     1 |       ||     1
 Stab: Sleeping          |     1 |       ||     1
Armor: Leather armour    |    10 |       ||    10
Dodge: Dodged            |    22 |     3 ||    25
       Rpst.: Falchion   |     7 |     2 ||     9

Levels and vault maps discovered:
D:3:      layout_rooms, overflow_temple_1_default
D:4:      layout_loops_ring, trog_antimagical, xom_teletrap_fun,
          mainiacjoe_overflow_24_doors, mainiacjoe_overflow_catwalk,
          minmay_temple_entry_statues_pillars, nrook_mini_vaults
D:5:      layout_basic, mainiacjoe_overflow_alcove_2, gup_sewer_entry_bubbles,
          uniq_blork_the_orc

Notes
Turn   | Place    | Note
-------+----------+-------------------------------------------
     0 | D:5      | Reached skill level 9 in Stealth
     0 | D:5      | AIAndy the Gnoll Delver began the quest for the Orb.
     0 | D:5      | Reached XP level 1. HP: 23/23 MP: 1/1
    34 | D:5      | Reached XP level 2. HP: 29/29 MP: 2/2
    35 | D:5      | Noticed a black bear
    35 | D:5      | Noticed a scorpion
    45 | D:5      | Noticed Blork the orc
    81 | D:4      | Noticed a howler monkey
   136 | D:4      | Reached skill level 1 in Short Blades
   136 | D:4      | Reached skill level 1 in Axes
   136 | D:4      | Reached skill level 1 in Maces & Flails
   136 | D:4      | Reached skill level 1 in Polearms
   136 | D:4      | Reached skill level 1 in Staves
   136 | D:4      | Reached skill level 1 in Slings
   136 | D:4      | Reached skill level 1 in Bows
   136 | D:4      | Reached skill level 1 in Crossbows
   136 | D:4      | Reached skill level 1 in Throwing
   136 | D:4      | Reached skill level 1 in Armour
   136 | D:4      | Reached skill level 1 in Shields
   136 | D:4      | Reached skill level 1 in Unarmed Combat
   136 | D:4      | Reached skill level 1 in Spellcasting
   136 | D:4      | Reached skill level 1 in Invocations
   136 | D:4      | Reached skill level 1 in Evocations
   136 | D:4      | Reached XP level 3. HP: 11/35 MP: 2/4
   421 | D:4      | Reached XP level 4. HP: 10/41 MP: 5/5
   428 | D:4      | HP: 1/41 [orc wizard/magic dart (6)]
   431 | D:4      | Slain by an orc wizard

Vanquished Creatures
  A hound (D:4)
  An orc wizard (D:4)
  A howler monkey zombie (D:5)
  An adder (D:4)
  A dart slug (D:5)
  An orc (D:4)
  A hobgoblin (D:4)
7 creatures vanquished.

Table legend: (Time is in decaauts)
 A = Elapsed time spent in this place.
 B = Non-inter-level travel time spent in this place.
 C = Inter-level travel time spent in this place.
 D = Time resting spent in this place.
 E = Time spent auto-exploring this place.
 F = Levels seen in this place.
 G = Mean time per level.
                   A        B        C        D        E       F      G
               +--------+--------+--------+--------+--------+-----+--------+
         Total |    435 |    435 |      0 |    187 |      0 |   3 |  145.0 |
       Dungeon |    435 |    435 |      0 |    187 |      0 |   3 |  145.0 |
               +--------+--------+--------+--------+--------+-----+--------+

Top non-repeatable levels by time:
     D:4: 351 daAuts
     D:5: 81 daAuts
     D:3: 1 daAuts

Table legend:
 A = Non-vault XP
 B = Vault XP
 C = Vault XP percentage of total XP
 D = Non-vault monster count
 E = Vault monster count
 F = Vault count percentage of total count
                 A         B        C        D         E       F
            +---------+---------+-------+---------+---------+-------
      Total |     107 |       0 |   0.0 |       7 |       0 |   0.0
            +---------+---------+-------+---------+---------+-------
        D:4 |      87 |       0 |   0.0 |       5 |       0 |   0.0
        D:5 |      20 |       0 |   0.0 |       2 |       0 |   0.0
            +---------+---------+-------+---------+---------+-------
